 Dungeon Crawl Stone Soup version 0.28-a0-850-g09de17f5b5 (webtiles) character file.

Game seed: 58848694781366783

87 BinkBink the Firebug (level 4, 0/30 HPs)
             Began as a Human Fire Elementalist on Nov 14, 2021.
             Slain by Sigmund (7 damage)
             ... on level 2 of the Dungeon.
             The game lasted 00:04:26 (2041 turns).

BinkBink the Firebug (Human Fire Elementalist)      Turns: 2041, Time: 00:04:26

Health: 0/30       AC:  3    Str:  9    XL:     4   Next: 80%
Magic:  0/9        EV: 12    Int: 16    God:
Gold:   97         SH:  0    Dex: 13    Spells: 8/9 levels left

rFire   . . .      SeeInvis .   (no weapon)
rCold   . . .      Faith    .   (no shield)
rNeg    . . .      Spirit   .   a - +0 robe
rPois   .          Reflect  .   (no helmet)
rElec   .          Harm     .   (no cloak)
rCorr   .          Rampage  .   b - +0 pair of gloves
Will    .....                   (no boots)
Stlth   ++........              (no amulet)
HPRegen 0.10/turn               (no ring)
MPRegen 0.11/turn               (no ring)

@: very slightly contaminated
A: no striking features
a: no special abilities


You were on level 2 of the Dungeon.
You visited 1 branch of the dungeon, and saw 2 of its levels.

You collected 97 gold pieces.

Inventory:

Armour
 a - a +0 robe (worn)
 b - a +0 pair of gloves (worn)
Jewellery
 h - an amulet of faith
Scrolls
 c - a scroll of holy word {unknown}
 f - a scroll of identify {unknown}
 i - a scroll of enchant armour {unknown}
 j - a scroll of magic mapping {unknown}
Potions
 d - a potion of might {unknown}
 e - a potion of curing {unknown}
 g - a potion of brilliance {unknown}


   Skills:
 - Level 2.0 Dodging
 - Level 2.0 Stealth
 * Level 3.3 Spellcasting
 * Level 1.9 Conjurations
 + Level 3.7 Fire Magic


You had 8 spell levels left.
You knew the following spells:

 Your Spells              Type           Power      Damage    Failure   Level
a - Foxfire               Conj/Fire      44%        2x1d6     5%          1

Your spell library contained the following spells:

 Spells                   Type           Power      Damage    Failure   Level
 Scorch                   Fire           28%        2d6       6%          2
 Conjure Flame            Conj/Fire      11%        6-21      17%         3
 Blink                    Tloc           4%         N/A       26%         2
 Inner Flame              Hex/Fire       8%         N/A       26%         3
 Lesser Beckoning         Tloc           2%         N/A       47%         3
 Flame Wave               Conj/Fire      11%        3d4       50%         4
 Manifold Assault         Tloc           2%         N/A       99%         5


Dungeon Overview and Level Annotations

Branches:
Dungeon (2/15)

Altars:

Shops:
D:2 [

Annotations:
D:2 Sigmund


Message History

Found a dagger.
You see here a +0 dagger.
Found a stone staircase leading down.
You now have 97 gold pieces (gained 15).
There is a stone staircase leading down here.
Sigmund shouts!
Sigmund casts a spell at you. The puff of flame hits you!
You conjure some foxfire!
You conjure some foxfire!
The foxfire hits Sigmund.
Sigmund is moderately wounded.
You miscast Foxfire.
You are very lightly contaminated with residual magic.
Nothing appears to happen.
The foxfire hits Sigmund.
Sigmund is moderately wounded.
You conjure some foxfire!
You conjure some foxfire!
Sigmund casts a spell.
Sigmund flickers and vanishes!
Deactivating autopickup; reactivate with Ctrl-A.
The foxfire hits something but does no damage. x2
The foxfire hits something. x2
You conjure some foxfire!
You conjure some foxfire!
Something hits you!
The foxfire hits something but does no damage.
The foxfire hits something. x2; Something hits you.
The foxfire hits something.
You are too injured to fight recklessly!
You are too injured to fight recklessly!
Casting: Foxfire (safe; 5% risk of failure)
Confirm with . or Enter, or press ? or * to list all spells.
You miscast Foxfire.
Nothing appears to happen.
Casting: Foxfire (safe; 5% risk of failure)
Confirm with . or Enter, or press ? or * to list all spells.
You conjure some foxfire!
Something hits you!
* * * LOW HITPOINT WARNING * * *
Casting: Foxfire (safe; 5% risk of failure)
Confirm with . or Enter, or press ? or * to list all spells.
You conjure some foxfire!
Something hits you!
You die...

#.##...################
#.........)............
###########.##.#.################
............##.#.# ###
##########..##.#.# ...
#########..##.#.# ...
#......##..##.#.# ...
##.........##.#v########## ...
#.###.##.....v@v{[........ ...
#.# #.##).##.#v##.######.# ...
#.###.##..##.#..ยง........# ...
#.....##..#.......######.# ...
#######.##..#.......# #.# ...
..........).........### #.# ###
#######.##............# #.#
#.###.#.......### #.###### #.#
#.#.......# #.#.....


There were no monsters in sight!

Vanquished Creatures
  A centaur skeleton (D:2)
  3 adders (D:2)
  A dart slug (D:1)
  2 bats (D:2)
  2 endoplasms
  2 giant cockroaches (D:1)
  2 goblins (D:1)
  4 hobgoblins (D:1)
  4 jackals (D:1)
  3 kobolds
  A quokka (D:2)
  A ball python (D:1)
  A frilled lizard (D:1)
  6 rats
33 creatures vanquished.

Vanquished Creatures (others)
  126 foxfires
126 creatures vanquished.

Grand Total: 159 creatures vanquished

Notes
Turn   | Place    | Note
-------+----------+-------------------------------------------
     0 | D:1      | BinkBink the Human Fire Elementalist began the quest for
                  | the Orb.
     0 | D:1      | Reached XP level 1. HP: 13/13 MP: 3/3
   202 | D:1      | Reached XP level 2. HP: 16/19 MP: 0/5
   566 | D:1      | Reached XP level 3. HP: 24/24 MP: 0/6
  1210 | D:2      | Noticed Sigmund
  1258 | D:2      | Found a faded altar of an unknown god.
  1335 | D:2      | Reached XP level 4. HP: 30/30 MP: 4/8
  1580 | D:2      | Found Xaafigh's Antique Armour Shop.
  2041 | D:2      | Slain by Sigmund

Illustrated notes

Levels and vault maps discovered:
D:1:      doesnt_arrival_eight_statues, layout_rooms
D:2:      layout_basic, dreamdust_ecumenical_altar_angels_and_demons,
          serial_shops, shop, uniq_sigmund

Skill      XL: |  1  2  3 |
---------------+----------+-----
Spellcasting   | 3 |  3.3
Dodging        | |  2.0
Stealth        | |  2.0
Conjurations   | |  1.9
Fire Magic     | |  3.7

Action                   |  1- 3 |  4- 6 || total
-------------------------+-------+-------++-------
 Cast: Foxfire           |    59 |    29 ||    88
Armor: Robe              |    11 |     7 ||    18
Dodge: Dodged            |    29 |    13 ||    42

Table legend: (Time is in decaauts)
 A = Elapsed time spent in this place.
 B = Non-inter-level travel time spent in this place.
 C = Inter-level travel time spent in this place.
 D = Time resting spent in this place.
 E = Time spent auto-exploring this place.
 F = Levels seen in this place.
 G = Mean time per level.
                   A        B        C        D        E       F      G
               +--------+--------+--------+--------+--------+-----+--------+
         Total |   2040 |   2013 |     27 |      0 |   1584 |   2 | 1020.0 |
       Dungeon |   2040 |   2013 |     27 |      0 |   1584 |   2 | 1020.0 |
               +--------+--------+--------+--------+--------+-----+--------+

Top non-repeatable levels by time:
     D:1: 1041 daAuts
     D:2: 999 daAuts
